 Dungeon Crawl Stone Soup version 0.29-a0-222-g5b244fca1f (webtiles) character file.

Game seed: 6210789380617316457

100 horus123 the Skirmisher (level 5, -8/44 HPs)
             Began as a Human Fighter on Feb 27, 2022.
             Mangled by Terence
             ... wielding a +1 flail of protection
              (9 damage)
             ... on level 3 of the Dungeon.
             The game lasted 00:03:11 (2918 turns).

horus123 the Skirmisher (Human Fighter)             Turns: 2918, Time: 00:03:11

Health: -8/44      AC:  5    Str: 16    XL:     5   Next: 3%
Magic:  5/5        EV: 10    Int:  8    God:
Gold:   119        SH:  5    Dex: 15    Spells: 4/4 levels left

rFire   + . .      SeeInvis .   a - +0 long sword
rCold   . . .      Faith    .   c - +0 buckler
rNeg    . . .      Spirit   .   m - +2 leather armour {rF+}
rPois   .          Reflect  .   (no helmet)
rElec   .          Harm     .   (no cloak)
rCorr   .          Rampage  .   (no gloves)
Will    .....                   (no boots)
Stlth   +.........              (no amulet)
HPRegen 0.14/turn               (no ring)
MPRegen 0.09/turn               (no ring)

@: no status effects
A: no striking features
a: no special abilities


You were on level 3 of the Dungeon.
You visited 1 branch of the dungeon, and saw 3 of its levels.

You collected 119 gold pieces.

Inventory:

Hand Weapons
 a - a +0 long sword (weapon)
Missiles
 n - a throwing net (quivered)
Armour
 c - a +0 buckler (worn)
 m - a +2 leather armour of fire resistance (worn)
Scrolls
 b - a scroll of enchant weapon {unknown}
 i - a scroll of fog {unknown}
 j - a scroll of vulnerability
Potions
 d - 2 potions of might
 e - a potion of resistance {unknown}
 f - 3 potions of curing {unknown}
 g - a potion of degeneration {unknown}
 h - a potion of haste {unknown}
 k - a potion of mutation {unknown}
 l - 2 potions of ambrosia {unknown}


   Skills:
 - Level 5.0 Fighting
 + Level 2.4 Long Blades
 - Level 3.0 Armour
 - Level 3.0 Shields


You had 4 spell levels left.
You didn't know any spells.
Your spell library contained the following spells:

 Spells                   Type           Power      Damage    Failure   Level
 Gell's Gravitas          Tloc           0%         N/A       91%         3
 Summon Guardian Golem    Hex/Summ       0%         N/A       91%         3
 Teleport Other           Tloc           0%         N/A       91%         3
 Dispersal                Tloc           0%         N/A       100%        6
 Orb of Destruction       Conj           0%         9d5       100%        7
 Spellforged Servitor     Conj/Summ      0%         N/A       100%        7


Dungeon Overview and Level Annotations

Branches:
Dungeon (3/15)

Altars:

Shops:
D:1 (

Annotations:
D:3 Terence


Message History

Terence shouts!
Terence says, "Rest in peace."
Terence barely misses you.
You hit Terence.
Terence is lightly wounded.
Terence hits you with a +1 flail of protection.
You hit Terence but do no damage.
Terence is lightly wounded.
Terence hits you with a +1 flail of protection.
You block Terence's attack.
You hit Terence but do no damage.
Terence is lightly wounded.
Terence says, "You're history."
Terence misses you.
You hit Terence.
Terence is moderately wounded.
Terence hits you with a +1 flail of protection.
You hit Terence but do no damage.
Terence is moderately wounded.
You block Terence's attack.
Terence hits you with a +1 flail of protection!
You hit Terence but do no damage.
Terence is moderately wounded.
Terence hits you with a +1 flail of protection!
You hit Terence.
Terence is moderately wounded.
Terence barely misses you. Terence misses you.
You barely miss Terence.
Terence is moderately wounded.
Terence hits you with a +1 flail of protection.
* * * LOW HITPOINT WARNING * * *
You hit Terence but do no damage.
Terence is moderately wounded.
Terence says, "Did you write a will?
You should..."
Terence hits you with a +1 flail of protection!
* * * LOW HITPOINT WARNING * * *
You hit Terence but do no damage.
Terence is moderately wounded.
Terence hits you with a +1 flail of protection!
You die...

##+####### ..#.....#
## #.#.###.# ...
##.#.# #.#
#..##....###.#
#.........##.#
##..##.....##.#
....###.#..##.####.#
#......#......@@..#
######.#.....######
#.####### #.# #.#
#######.# #.......#
##.#.)...#####
.............#
##################


You could see Terence.

Vanquished Creatures
  2 adders
  An ufetubus (D:2)
  3 worms
  5 dart slugs
  An orc (D:3)
  6 ball pythons
  2 endoplasms
  3 giant cockroaches
  3 goblins
  2 hobgoblins (D:1)
  6 jackals
  3 quokkas
  7 bats
  A frilled lizard (D:2)
  3 kobolds
  8 rats
56 creatures vanquished.

Notes
Turn   | Place    | Note
-------+----------+-------------------------------------------
     0 | D:1      | horus123 the Human Fighter began the quest for the Orb.
     0 | D:1      | Reached XP level 1. HP: 18/18 MP: 1/1
   119 | D:1      | Found a faded altar of an unknown god.
   146 | D:1      | Reached XP level 2. HP: 22/24 MP: 2/2
   289 | D:1      | Found Poll's Weapon Shop.
   498 | D:1      | Reached XP level 3. HP: 23/30 MP: 3/3
   499 | D:1      | Reached skill level 4 in Fighting
   856 | D:1      | You fall into a shaft and drop 1 floor!
  1185 | D:1      | Reached XP level 4. HP: 20/38 MP: 4/4
  2094 | D:2      | Reached skill level 5 in Fighting
  2767 | D:3      | Reached XP level 5. HP: 44/44 MP: 5/5
  2906 | D:3      | Noticed Terence
  2917 | D:3      | HP: 1/44 [Terence/+1 flail of protection (11)]
  2918 | D:3      | Mangled by Terence

Illustrated notes

Levels and vault maps discovered:
D:1:      dpeg_arrival_yet_another_circle, layout_loops_ring,
          basic_ecumenical_altar, serial_shops, shop
D:2:      layout_loops_ring
D:3:      layout_loops_corners, patterned_corridor, uniq_crazy_yiuf_cottage,
          uniq_terence

Skill      XL: |  1  2  3  4 |
---------------+-------------+-----
Fighting       | 4 5 |  5.0
Long Blades    | |  2.4
Armour         | |  3.0
Shields        | |  3.0

Action                   |  1- 3 |  4- 6 || total
-------------------------+-------+-------++-------
Melee: Long sword        |   111 |    94 ||   205
  Use: Scroll            |     4 |     1 ||     5
Armor: Scale mail        |    28 |       ||    28
       Chain mail        |    50 |    35 ||    85
       Leather armour    |       |     9 ||     9
Dodge: Dodged            |    55 |    40 ||    95
Block: Buckler           |    35 |    25 ||    60

Table legend: (Time is in decaauts)
 A = Elapsed time spent in this place.
 B = Non-inter-level travel time spent in this place.
 C = Inter-level travel time spent in this place.
 D = Time resting spent in this place.
 E = Time spent auto-exploring this place.
 F = Levels seen in this place.
 G = Mean time per level.
                   A        B        C        D        E       F      G
               +--------+--------+--------+--------+--------+-----+--------+
         Total |   2986 |   2878 |    108 |    422 |   1923 |   3 |  995.3 |
       Dungeon |   2986 |   2878 |    108 |    422 |   1923 |   3 |  995.3 |
               +--------+--------+--------+--------+--------+-----+--------+

Top non-repeatable levels by time:
     D:1: 1257 daAuts
     D:2: 1152 daAuts
     D:3: 576 daAuts
